Map: Iron Fortress LE (Void)

Players

Bop - Winner!

  • Race: Terran Terran

Bones - Winner!

  • Race: Terran Terran

JimRising

  • Race: Terran Terran

RoyaLNavy

  • Race: Terran Terran

VOD

Have the link to the VOD?

Description

Time

  • Played on: May 1, 2015, 11:53 p.m.
  • Length: 7:11
Show
View Real Time Build Order
Export as new Build Order

Bop Terran - Winner!

Build Orders:  

Get SALT Encoding   

  12  0:01  SCV  
  13  0:13  SCV  
  14  0:17  Supply Depot  
  14  0:25  SCV  
  15  0:39  SCV  
  15  0:41  Barracks  
  16  0:46  Refinery  
  16  0:51  SCV  
  17  1:03  SCV  
  18  1:10  Refinery  
  18  1:15  SCV  
  19  1:27  Orbital Command  
  19  1:29  Marine  
  20  1:34  Ghost Academy  
  20  1:46  Marine  
  21  1:55  SCV  
  21  1:58  Supply Depot  
  22  2:05  Barracks Tech Lab  
  22  2:10  SCV  
  22  2:13  Factory  
  23  2:26  Ghost  
  25  2:35  SCV  
  25  2:47  SCV  
  26  2:53  Supply Depot  
  26  2:55  Ghost  
  28  2:59  SCV  
  28  3:03  Starport  
  29  3:10  Hellion  
  31  3:16  SCV  
  32  3:21  Supply Depot  
  32  3:31  Hellion  
  32  3:33  Ghost  
  36  3:41  Medivac  
  38  3:45  Nuke  
  38  3:58  Hellion  
  41  4:08  Ghost  
  42  4:24  Command Center  
  42  4:43  Ghost  
  42  4:44  Hellion  
  46  4:49  Missile Turret, Barracks  
  46  4:57  SCV  
  47  5:18  Ghost  
  47  5:19  SCV, Barracks, Medivac  
  49  5:44  Marine  
  49  5:46  Orbital Command  
  49  5:47  Ghost  
  49  5:49  SCV  
  42  5:52  Medivac  
  44  6:04  Barracks Reactor  
  44  6:11  Factory Tech Lab  
  44  6:14  Orbital Command  
  44  6:19  Barracks Reactor, Marine  
  44  6:37  Marine  
  44  6:38  SCV  
  43  6:41  Marine x2  
  43  6:53  SCV  
  44  6:57  SCV  
Show
View Real Time Build Order
Export as new Build Order

Bones Terran - Winner!

Build Orders: Siege Tank Drop 

Get SALT Encoding   

  12  0:01  SCV  
  13  0:13  Supply Depot  
  13  0:17  SCV  
  14  0:29  SCV  
  15  0:36  Barracks  
  15  0:45  Supply Depot  
  15  0:46  SCV  
  16  0:55  Refinery  
  16  0:58  SCV  
  17  1:10  SCV  
  18  1:22  SCV  
  19  1:25  Marine  
  19  1:26  Barracks  
  20  1:36  Orbital Command  
  20  1:45  Supply Depot  
  20  1:57  Barracks Tech Lab  
  19  2:03  SCV, Engineering Bay  
  20  2:11  Factory  
  20  2:21  SCV, Marine  
  22  2:39  SCV  
  22  2:40  Marine  
  22  2:41  Refinery  
  22  2:42  Marine  
  25  2:46  Missile Turret  
  25  2:53  SCV  
  25  2:56  Factory Reactor  
  26  2:59  Supply Depot  
  26  3:02  Starport  
  26  3:04  Marine x2  
  28  3:08  SCV  
  29  3:21  Marine  
  30  3:28  Marine  
  30  3:29  SCV  
  32  3:39  Missile Turret  
  32  3:40  Barracks Reactor  
  32  3:47  SCV  
  33  4:02  SCV  
  34  4:09  Factory Tech Lab, Marine  
  34  4:10  Missile Turret  
  34  4:13  Command Center  
  34  4:14  SCV  
  34  4:15  Barracks  
  36  4:18  Medivac  
  35  4:37  Siege Tank  
  32  4:39  Marine x2  
  32  4:45  Marine  
  35  4:57  Supply Depot x2  
  28  5:17  Marine  
  28  5:18  SCV, Medivac, Marine  
  24  5:24  Marine  
  23  5:35  Marine  
  16  6:03  SCV  
  17  6:09  Marine x2  
  17  6:10  Marine  
  20  6:12  Missile Turret  
  20  6:15  SCV  
  21  6:26  Marine  
  21  6:27  SCV, Marine  
  21  6:28  Marine  
  21  6:40  SCV  
  21  6:44  Marine x2  
Show
View Real Time Build Order
Export as new Build Order

JimRising Terran 

Build Orders:  

Get SALT Encoding   

Show
View Real Time Build Order
Export as new Build Order

RoyaLNavy Terran 

Build Orders:  

Get SALT Encoding   

Tags
 
Add a new tag
Caveats
  • Supply blocks, unpowered buildings, or Contaminate may cause inaccurate times.
  • Supply counts are checked every 10 seconds.